 Dungeon Crawl Stone Soup version 0.30.1-11-g7821555f0a (webtiles) character file.

Game seed: 8751162682979675298

49623 sizableburger the Fighter (level 14, -13/168 HPs)
             Began as an Ogre Transmuter on Oct 25, 2023.
             Was the Champion of Ru.
             Killed from afar by a lindwurm (55 damage)
             ... with a blast of flame
             ... on level 5 of the Lair of Beasts on Oct 27, 2023.
             The game lasted 00:58:02 (24241 turns).

sizableburger the Fighter (Ogre Transmuter)        Turns: 24241, Time: 00:58:02

Health: -13/168    AC:  9    Str: 17    XL:     14   Next: 51%
Magic:  21/27      EV: 11    Int: 18    God:    Ru [******]
Gold:   1218       SH:  5    Dex:  9    Spells: 19/32 levels left

rFire   x . .        a - melded staff of cold
rCold   + + .        n - melded orb {light}
rNeg    . . .        B - melded +0 robe {rC+}
rPois   +            M - melded +2 hat
rElec   .            o - melded +2 cloak
rCorr   .            (gloves unavailable)
SInv    .            (boots unavailable)
Will    +....        D - amulet of reflection
Stlth   +            x - ring of protection from fire
HPRegen 0.48/turn    L - ring of willpower
MPRegen 0.20/turn

%: reflection
@: exhausted, ice-form, slowed, very slow
A: freezing attack, amphibious, boosted hp, large, unfitting armour, frail 1,
(tough skin 1), hated by all, weak-willed 1, temperature sensitive
a: End Transformation, Renounce Religion, Draw Out Power, Power Leap, Apocalypse


You were on level 5 of the Lair of Beasts.
You worshipped Ru.
Ru was exalted by your worship.
You were a creature of crystalline ice.
You visited 3 branches of the dungeon, and saw 17 of its levels.

You collected 2056 gold pieces.
You spent 838 gold pieces at shops.

Inventory:

Missiles
 z - 2 throwing nets
Armour
 n - an orb of light (melded)
 o - a +2 cloak (melded)
 r - +0 acid dragon scales
 v - the +0 cloak of the Storm King {Harm}
   (You bought it in a shop on level 2 of the Orcish Mines)

   Harm:      It increases damage dealt and taken.
 B - a +0 robe of cold resistance (melded)
 M - a +2 hat (melded)
Magical Staves
 a - a staff of cold (melded)
Jewellery
 g - a ring of resist corrosion
 m - a +4 ring of slaying
 q - a ring of poison resistance
 t - a ring of magical power
 w - a +6 ring of intelligence
 x - a ring of protection from fire (left front paw)
 D - an amulet of reflection (around neck)
 H - an amulet of the acrobat
 L - a ring of willpower (right front paw)
 O - a ring of willpower
Wands
 c - a wand of roots (13)
 u - a wand of flame (10)
 A - a wand of quicksilver (3)
 G - a wand of mindburst (3)
 K - a wand of polymorph (8)
Scrolls
 d - 5 scrolls of fog
 e - 4 scrolls of immolation
 f - a scroll of teleportation
 k - 4 scrolls of blinking
 p - 2 scrolls of poison
 y - a scroll of enchant weapon
 C - a scroll of brand weapon
 I - 4 scrolls of identify
Potions
 b - 2 potions of lignification
 h - 5 potions of attraction
 i - a potion of might
 j - 2 potions of mutation
 l - 4 potions of curing
 s - 3 potions of cancellation
 E - 3 potions of haste
 F - 3 potions of brilliance
 J - 3 potions of flight
 N - a potion of resistance
 P - a potion of heal wounds
 Q - a potion of ambrosia


   Skills:
 - Level 14.0 Fighting
 - Level 5.5 Dodging
 + Level 12.3 Unarmed Combat
 + Level 9.7 Spellcasting
 - Level 10.2 Transmutations
 - Level 4.8 Ice Magic
 + Level 7.4 Air Magic
 - Level 4.2 Poison Magic
 - Level 2.6 Evocations


You had 19 spell levels left.
You knew the following spells:

 Your Spells              Type           Power      Damage    Failure   Level
a - Beastly Appendage     Tmut           90%        N/A       1%          1
b - Spider Form           Tmut/Pois      34%        N/A       1%          3
c - Ice Form              Ice/Tmut       35%        N/A       3%          4
d - Poisonous Vapours     Pois/Air       58%        N/A       1%          2
e - Mephitic Cloud        Conj/Pois/Air  22%        N/A       4%          3

Your spell library contained the following spells:

 Spells                   Type           Power      Damage    Failure   Level
 Freeze                   Ice            100%       1d10      1%          1
 Wereblood                Tmut           45%        N/A       1%          2
 Apportation              Tloc           16%        N/A       9%          1
 Magic Dart               Conj           32%        1d4       9%          1
 Necrotise                Necr           32%        1d5       9%          1
 Hailstorm                Conj/Ice       17%        3d6       9%          3
 Searing Ray              Conj           16%        2d5       12%         2
 Portal Projectile        Hex/Tloc       16%        N/A       24%         3
 Freezing Cloud           Conj/Ice/Air   11%        6-21      38%         5
 Silence                  Hex/Air        11%        N/A       45%         5
 Fulminant Prism          Conj/Hex       4%         3d5       63%         4
 Leda's Liquefaction      Hex/Erth       4%         N/A       63%         4
 Passage of Golubria      Tloc           8%         N/A       63%         4
 Storm Form               Tmut/Air       20%        N/A       88%         7
 Lehudib's Crystal Spear  Conj/Erth      4%         10d3      100%        8
 Maxwell's Capacitive Co  Air            17%        ∞         100%        8
 Summon Lightning Spire   Summ/Air       Unusable   N/A       N/A         4
 Call Canine Familiar     Summ           Unusable   N/A       N/A         3
 Simulacrum               Ice/Necr       Unusable   N/A       N/A         6

Dungeon Overview and Level Annotations

Branches:
Dungeon (10/15)            Temple (0/1) D:6            Lair (5/5) D:10
  Swamp (0/4) Lair:3        Snake (0/4) Lair:3        Slime (0/5) Lair:4
    Orc (2/2) D:10            Elf (0/3) Orc:2

Altars:
Ashenzari
Cheibriados
Ru
Uskayaw
Wu Jian
Zin

Shops:
D:6 (   Orc:2 :=(:[

Annotations:
D:5 2 transporters, rozman's ghost, novice DECj
D:9 exclusion: obsidian statue
Lair:5 1 runed translucent door


Innate Abilities, Weirdness & Mutations

You are a creature of crystalline ice.
You have a powerful freezing melee attack.
You are amphibious.
Your maximum health is increased.
Your armour is entirely melded.
You are incapable of wielding weapons or throwing items.
You are too large for most types of armour.
You are frail. (-10% HP)
((You have tough skin. (AC +1)))
You are hated by all.
You are slightly weak-willed. (Will-)
You are sensitive to extremes of temperature. (rF-, rC-)


Message History

You pummel the hornet!! You freeze the hornet.
The hornet is almost dead.
The hornet is stunned by your conviction and fails to attack.
The hornet stings you but does no damage.
You pummel the hornet!! You freeze the hornet.
You kill the hornet!
A hornet comes into view.
A tyrant leech comes into view.
The hornet buzzes angrily.
You punch the torpor snail! You freeze the torpor snail.
The torpor snail is moderately wounded.
The torpor snail barely misses you.
You redirect the lindwurm's attack!
The lindwurm breathes flames at the torpor snail.
The blast of flame hits the torpor snail!!!
Okay, then.
You hit the torpor snail but do no damage.
The torpor snail is almost dead.
The torpor snail barely misses you.
Unknown command.
You pummel the torpor snail!! You freeze the torpor snail.
You kill the torpor snail!
You feel yourself speed up.
The lindwurm begins to attack, but is stunned by your conviction!
Being near the torpor snail leaves you feeling lethargic.
Unknown command.
You hit the torpor snail. You freeze the torpor snail.
The torpor snail is lightly wounded.
The torpor snail bites you!
* * * LOW HITPOINT WARNING * * *
Unknown command.
Okay, then.
You feel much better. The torpor snail barely misses you.
Aiming: Power Leap
Press: ? - help, Dir - move target The hornet stings you!
* * * LOW HITPOINT WARNING * * *
The hornet barely misses you. The lindwurm breathes flames at you.
The blast of flame hits you!!! The fire burns you terribly!
You die...

########
####...##.#
#....†www##
.....#.#.yk##
...
####Y..###
### .
#.##...#
###..
###...##
##....
##..⌠#+#
#.....
#..####$$
#..... ##..#
$.$# #P.#..
###..##
$$$###.P###
#....#
$$$##..##
##..#####
$####.#


You could see 2 tyrant leeches, a torpor snail, a lindwurm (catching breath) and
a hornet.

Vanquished Creatures
  Gastronok (Lair:3)
  3 hydras
  A catoblepas (Lair:2)
  2 ogre magi
  11 two-headed ogres
  6 death yaks (Lair:5)
  2 deep trolls (Orc:1)
  Pikel (D:8)
  An orc sorcerer (Orc:2)
  4 cyclopes
  5 elephants (D:10)
  4 black mambas
  10 cane toads
  3 torpor snails (Lair:5)
  Maggie (D:8)
  6 komodo dragons
  An unseen horror (D:10)
  2 rime drakes
  3 polar bears
  11 trolls
  A tyrant leech (Lair:5)
  2 burning bushes (Lair:2)
  6 hornets (Lair:5)
  Grinder (D:3)
  10 blink frogs
  Sigmund (D:6)
  7 wyverns
  Grum (D:8)
  27 yaks
  4 basilisks
  3 wargs
  11 water moccasins
  3 nagas (Lair:3)
  Duvessa (D:5)
  A hell hound (Lair:5)
  An ice beast (D:6)
  8 orc warriors
  6 black bears
  2 sky beasts (D:7)
  17 wolves
  21 ogres
  5 centaurs
  A lemure (D:8)
  2 phantoms (D:6)
  11 bullfrogs
  A gnoll sergeant (D:6)
  A kobold brigand (D:9)
  3 scorpions
  5 wights (D:7)
  Dowan (D:5)
  An electric eel (Lair:5)
  4 howler monkeys
  8 hounds
  17 orc priests
  5 jellies
  2 sleepcaps
  Jessica (D:3)
  3 iguanas
  30 orc wizards
  4 gnolls (D:6)
  6 adders
  A shadow imp (D:8)
  3 white imps
  An ufetubus (D:5)
  3 worms
  3 dart slugs
  87 orcs
  10 endoplasms
  2 giant cockroaches
  7 goblins
  5 hobgoblins
  2 jackals (D:4)
  10 kobolds
  7 quokkas
  6 ball pythons
  5 bats
  6 frilled lizards
  3 rats
484 creatures vanquished.

Vanquished Creatures (others)
  A rime drake (Lair:3)
  A black bear (D:10)
  A bullfrog (D:9)
  An orc (Orc:1)
4 creatures vanquished.

Grand Total: 488 creatures vanquished

Notes
Turn   | Place    | Note
-------+----------+-------------------------------------------
     0 | D:1      | sizableburger the Ogre Transmuter began the quest for the
                  | Orb.
     0 | D:1      | Reached XP level 1. HP: 19/19 MP: 3/3
    53 | D:1      | Reached XP level 2. HP: 16/28 MP: 3/5
   176 | D:1      | Reached skill level 2 in Fighting
   296 | D:1      | Reached XP level 3. HP: 34/35 MP: 7/7
   318 | D:1      | Learned a level 3 spell: Spider Form
  1028 | D:2      | Reached XP level 4. HP: 9/44 MP: 4/8
  1067 | D:2      | Learned a level 4 spell: Ice Form
  1642 | D:3      | Found a snail-covered altar of Cheibriados.
  1779 | D:3      | Found a sacrificial altar of Ru.
  1789 | D:3      | Became a worshipper of Ru the Awakened
  1973 | D:3      | Found a glowing silver altar of Zin.
  2036 | D:3      | Reached skill level 3 in Fighting
  2038 | D:3      | Reached skill level 1 in Poison Magic
  2051 | D:3      | Noticed Jessica
  2056 | D:3      | Killed Jessica
  2057 | D:3      | Reached XP level 5. HP: 39/53 MP: 5/9
  2283 | D:4      | Noticed Grinder
  2286 | D:4      | Paralysed by Grinder for 2 turns
  2301 | D:3      | Paralysed by Grinder for 2 turns
  2310 | D:3      | Killed Grinder
  2311 | D:3      | Reached skill level 4 in Fighting
  2311 | D:3      | Reached XP level 6. HP: 36/62 MP: 5/10
  2530 | D:4      | Learned a level 2 spell: Poisonous Vapours
  2539 | D:4      | Noticed a black bear
  2546 | D:4      | Killed a black bear
  2547 | D:4      | Reached XP level 7. HP: 71/71 MP: 4/11
  2660 | D:4      | Got Practicing the Hermit's Heritage
  2708 | D:4      | Reached skill level 5 in Fighting
  3766 | D:5      | Entered Level 5 of the Dungeon
  3772 | D:5      | Reached skill level 6 in Fighting
  3772 | D:5      | Reached XP level 8. HP: 83/83 MP: 8/12
  3777 | D:5      | Reached skill level 5 in Unarmed Combat
  3907 | D:5      | Found a blossoming altar of Fedhas.
  3913 | D:5      | Noticed Dowan
  3920 | D:5      | Noticed Duvessa
  3934 | D:5      | Killed Dowan
  3945 | D:5      | Killed Duvessa
  4140 | D:5      | Reached skill level 5 in Transmutations
  4380 | D:5      | Learned a level 3 spell: Mephitic Cloud
  4408 | D:5      | Found a transporter.
  4410 | D:5      | Noticed rozman's ghost (novice DECj)
  4441 | D:5      | Found a basalt altar of Yredelemnul.
  4533 | D:5      | Reached skill level 7 in Fighting
  4673 | D:5      | Reached skill level 1 in Ice Magic
  4706 | D:5      | Found an ornate altar of the Wu Jian Council.
  4785 | D:5      | Found a transporter.
  4851 | D:5      | Reached XP level 9. HP: 56/93 MP: 13/13
  5058 | D:6      | Reached skill level 1 in Air Magic
  5811 | D:6      | Reached skill level 8 in Fighting
  6091 | D:6      | Found a staircase to the Ecumenical Temple.
  6124 | D:6      | Gained mutation: You are hated by all. [Ru sacrifice]
  6124 | D:6      | Reached * piety under Ru
  6140 | D:6      | Found a hide-covered altar of Uskayaw.
  6288 | D:6      | Found Liakkej's Weapon Emporium.
  6478 | D:6      | Noticed Sigmund
  6489 | D:6      | Killed Sigmund
  7501 | D:7      | Reached XP level 10. HP: 64/103 MP: 10/14
  7777 | D:7      | Reached skill level 9 in Fighting
  8128 | D:8      | Noticed Grum
  8140 | D:8      | Killed Grum
  8142 | D:8      | HP: 3/107 [wolf[Grum] (9)]
  8348 | D:8      | Noticed Maggie
  8477 | D:8      | Noticed Pikel
  8504 | D:8      | Killed Pikel
  8787 | D:8      | Killed Maggie
  9044 | D:8      | Found a broken altar of Ashenzari.
  9375 | D:9      | Reached skill level 10 in Fighting
  9638 | D:9      | Gained mutation: You are frail. (-10% HP) [Ru sacrifice]
  9638 | D:9      | Reached ** piety under Ru
  9638 | D:9      | Reached *** piety under Ru
  9870 | D:9      | Noticed an obsidian statue
  9870 | D:9      | Noticed a two-headed ogre
  9892 | D:9      | Killed a two-headed ogre
 10673 | D:10     | Entered Level 10 of the Dungeon
 10677 | D:10     | Noticed a two-headed ogre
 10686 | D:10     | Killed a two-headed ogre
 10687 | D:10     | Reached XP level 11. HP: 87/107 MP: 7/15
 11055 | D:10     | Reached skill level 11 in Fighting
 11591 | D:10     | Found a staircase to the Orcish Mines.
 11977 | D:10     | Found a staircase to the Lair.
 12141 | Lair:1   | Entered Level 1 of the Lair of Beasts
 12613 | Orc:1    | Entered Level 1 of the Orcish Mines
 12882 | Orc:1    | Noticed a cyclops
 12904 | Orc:1    | Killed a cyclops
 13090 | Orc:1    | Upgraded the game from 0.30.1-9-gdf580d7c3d to
                  | 0.30.1-11-g7821555f0a
 13819 | Orc:1    | Gained mutation: You are slightly weak-willed. (Will-) [Ru
                  | sacrifice]
 13819 | Orc:1    | Reached **** piety under Ru
 14025 | Orc:1    | Reached skill level 12 in Fighting
 14084 | Orc:1    | Reached skill level 5 in Dodging
 14351 | Orc:2    | Entered Level 2 of the Orcish Mines
 14580 | Orc:2    | Found a staircase to the Elven Halls.
 14672 | Orc:2    | Noticed a two-headed ogre
 14875 | Orc:2    | Noticed a two-headed ogre
 14888 | Orc:2    | Noticed a cyclops
 14896 | Orc:1    | Killed a two-headed ogre
 14897 | Orc:1    | Reached XP level 12. HP: 31/119 MP: 14/16
 15251 | Orc:1    | Killed a two-headed ogre
 15340 | Orc:2    | Noticed a two-headed ogre
 15344 | Orc:2    | Reached skill level 1 in Evocations
 15344 | Orc:2    | Noticed a two-headed ogre
 15439 | Orc:2    | Killed a two-headed ogre
 15440 | Orc:2    | Noticed a two-headed ogre
 15891 | Orc:2    | Noticed a two-headed ogre
 15956 | Orc:1    | Killed a two-headed ogre
 16029 | Orc:2    | Killed a two-headed ogre
 16030 | Orc:2    | Reached skill level 13 in Fighting
 16030 | Orc:2    | Noticed a two-headed ogre
 16085 | Orc:2    | Killed a two-headed ogre
 16089 | Orc:2    | Noticed an ogre mage
 16276 | Orc:2    | Noticed a two-headed ogre
 16280 | Orc:2    | Killed a two-headed ogre
 16385 | Orc:2    | Noticed an ogre mage
 16493 | Orc:1    | Killed an ogre mage
 16494 | Orc:1    | Reached skill level 10 in Unarmed Combat
 16531 | Orc:2    | Killed an ogre mage
 16842 | Orc:2    | Found Ysogan's Antique Weapon Boutique.
 16845 | Orc:2    | Found Fakk's Book Shop.
 16852 | Orc:2    | Found Xoxot's Book Shoppe.
 16857 | Orc:2    | Killed a two-headed ogre
 16858 | Orc:2    | Reached skill level 10 in Transmutations
 16861 | Orc:2    | Reached XP level 13. HP: 122/130 MP: 18/20
 16871 | Orc:2    | Found Zineumus's Jewellery Boutique.
 16895 | Orc:2    | Bought a book of the Sky for 572 gold pieces
 16979 | Orc:2    | Found Geeptou's Antique Armour Emporium.
 17018 | Orc:2    | Reached skill level 5 in Spellcasting
 17091 | Orc:2    | Bought an encrusted cloak for 266 gold pieces
 17091 | Orc:2    | Identified the +0 cloak of the Storm King {Harm} (You
                  | bought it in a shop on level 2 of the Orcish Mines)
 17171 | Orc:2    | Reached skill level 14 in Fighting
 17884 | Lair:1   | Gained mutation: You are sensitive to extremes of
                  | temperature. (rF-, rC-) [Ru sacrifice]
 17884 | Lair:1   | Reached ***** piety under Ru
 17884 | Lair:1   | Reached ****** piety under Ru
 20285 | Lair:3   | Noticed Gastronok
 20300 | Lair:3   | Killed Gastronok
 20765 | Lair:3   | Found a staircase to the Snake Pit.
 20930 | Lair:3   | Reached skill level 5 in Air Magic
 21631 | Lair:3   | Found a staircase to the Swamp.
 22203 | Lair:4   | Found a staircase to the Slime Pits.
 22541 | Lair:4   | Reached XP level 14. HP: 123/140 MP: 26/26
 23492 | Lair:5   | Entered Level 5 of the Lair of Beasts
 24164 | Lair:5   | Found a runed translucent door.
 24224 | Lair:5   | Paralysed by a hornet for 3 turns
 24241 | Lair:5   | Killed from afar by a lindwurm

Illustrated notes

Levels and vault maps discovered:
D:1:      erik_arrival_triangle_medium, layout_rooms
D:2:      layout_basic
D:3:      layout_basic, cheibriados_altar_1, nicolae_ru_awakened_eye,
          zin_academy, minmay_misc_feat_rows, minmay_statues_item, uniq_jessica
D:4:      minmay_general_purpose_star, layout_loops_ring,
          corexii_hall_statues_i, uniq_grinder
D:5:      layout_basic, yredelemnul_altar_generic, lemuel_crystal_altar,
          pdpol_wu_jian_five_deadly_venoms, gammafunk_ghost_mausoleum,
          nrook_mini_vaults, uniq_duvessa
D:6:      layout_basic, mainiacjoe_overflow_surrounded_room, temple_hall,
          serial_shops, nicolae_shop_bloodbath_and_beyond, feat_on_display,
          uniq_sigmund
D:7:      layout_cave_pools, hangedman_glass_teeth
D:8:      layout_gridville, lemuel_coloured_pillars_altar,
          hangedman_abyss_or_decor_stagger, minmay_misc_feat_x, uniq_grum,
          uniq_maggie, uniq_pikel
D:9:      layout_roguey, grunt_temple_overflow_magic_moments, minivault_16
D:10:     layout_gridville, david_lair_generic, david_orc_2
Lair:1:   layout_layer_cave
Lair:2:   layout_misc_corridors, evilmike_ambush [evilmike_ambush_outer_basic,
          evilmike_ambush_inner_cross]
Lair:3:   layout_regular_city, swamp_mist, guppyfry_snake_entry_island,
          beast_lair_carwin_9, uniq_gastronok
Lair:4:   layout_cave_pods, nicolae_slime_entry_slimehenge,
          infiniplex_staircase_pool, grunt_megastairs_3, serial_bayou_shore_b
Lair:5:   hangedman_lair_caniforms_friends, layout_layer_cave, wormcave,
          st_stairs_4, serial_bayou_crossing, serial_bayou_shore_b,
          grunt_megastairs_1, uniq_kirke
Orc:1:    minmay_goldmine, layout_caves, mines2_david
Orc:2:    st_orc_open, layout_caves, serial_shops, shop, basic_altar

Skill      XL: |  1  2  3  4  5  6  7  8  9 10 11 12 13 14 |
---------------+-------------------------------------------+-----
Transmutations | 2 3 4 5 6 7 8 10 | 10.2
Fighting       | 2 3 4 6 7 8 10 12 13 14 | 14.0
Unarmed Combat | 3 4 5 6 8 9 10 11 12 | 12.3
Spellcasting   | 3 4 8 9 |  9.7
Poison Magic   | 1 2 3 4 |  4.2
Ice Magic      | 1 3 4 |  4.8
Air Magic      | 2 6 7 |  7.4
Dodging        | 3 5 |  5.5
Evocations     | 2 |  2.6

Action                     |  1- 3 |  4- 6 |  7- 9 | 10-12 | 13-15 || total
---------------------------+-------+-------+-------+-------+-------++-------
  Melee: Unarmed           |   116 |    72 |   324 |   472 |   428 ||  1412
         Kick              |    10 |     2 |       |       |       ||    12
         Headbutt          |     5 |     1 |       |       |       ||     6
         Punch             |     1 |       |       |       |       ||     1
         Staff             |       |       |       |    49 |    11 ||    60
   Cast: Beastly Appendage |    13 |     2 |     2 |     1 |       ||    18
         Spider Form       |     3 |    13 |    17 |    14 |     1 ||    48
         Ice Form          |       |       |    11 |    45 |    41 ||    97
         Mephitic Cloud    |       |       |     1 |     6 |       ||     7
         Poisonous Vapours |       |       |       |     4 |       ||     4
 Invoke: Sacrifice Love    |       |       |     1 |       |       ||     1
         Sacrifice Health  |       |       |       |     1 |       ||     1
         Sacrifice Essence |       |       |       |     1 |       ||     1
         Power Leap        |       |       |       |     2 |     2 ||     4
         Draw Out Power    |       |       |       |     1 |       ||     1
         Sacrifice Resista |       |       |       |       |     1 ||     1
         Apocalypse        |       |       |       |       |     1 ||     1
Ability: End Transformatio |       |       |       |     1 |       ||     1
  Evoke: Wand              |       |       |       |     2 |       ||     2
    Use: Scroll            |       |     3 |    14 |     6 |     3 ||    26
         Potion            |       |     1 |     6 |    10 |     1 ||    18
   Stab: Distracted        |       |       |       |     1 |     3 ||     4
         Confused          |       |       |       |     1 |       ||     1
         Invisible         |       |       |       |     2 |     3 ||     5
         Paralysed         |       |       |       |       |    10 ||    10
 Armour: Robe              |    34 |    18 |    17 |    35 |     5 ||   109
         Skin              |       |     2 |    47 |   184 |   114 ||   347
  Dodge: Dodged            |    37 |    57 |   181 |   322 |   199 ||   796
  Block: Other             |       |       |       |    30 |    87 ||   117
         Orb               |       |       |       |     1 |     4 ||     5
         Reflection        |       |       |       |       |     2 ||     2
